 Dungeon Crawl Stone Soup version 0.25.0-9-g26727b6 (webtiles) character file.

Game seed: 11394387224025652911

12733 Ousak the Carver (level 11, 0/92 HPs)
             Began as a Grey Draconian Ice Elementalist on June 16, 2020.
             Was an Elder of Sif Muna.
             Slain by a troll (7 damage)
             ... on level 12 of the Dungeon.
             The game lasted 00:27:31 (14511 turns).

Ousak the Carver (Grey Draconian Ice Elementalist) Turns: 14511, Time: 00:27:32

Health: 0/92       AC: 15    Str: 10    XL:     11   Next: 66%
Magic:  20/25      EV: 12    Int: 19    God:    Sif Muna [****..]
Gold:   627        SH:  0    Dex: 18    Spells: 15/30 levels left

rFire    . . .     SeeInvis .   y - +2 scimitar (drain)
rCold    . . .     Gourm    .   (no shield)
rNeg     . . .     Faith    .   (armour unavailable)
rPois    .         Spirit   .   (helmet restricted)
rElec    .         Reflect  .   (no cloak)
rCorr    .         Harm     .   a - +2 pair of gloves
MR       +....                  (no boots)
Stlth    ++........             g - amulet of magic regeneration
HPRegen  0.25/turn              m - ring of protection from magic
MPRegen  0.44/turn              q - +6 ring of dexterity

@: slowed, lightly drained, very slow
A: walk through water, unfitting armour, unbreathing, cold-blooded, AC +12
a: Channel Magic, Forget Spell, Divine Exegesis, Renounce Religion


You were on level 12 of the Dungeon.
You worshipped Sif Muna.
Sif Muna was greatly pleased with you.
You were near starving.

You visited 2 branches of the dungeon, and saw 13 of its levels.

You collected 666 gold pieces.
You spent 39 gold pieces at shops.

Inventory:

Hand Weapons
 y - a +2 scimitar of draining (weapon)
Armour
 a - a +2 pair of gloves (worn)
Jewellery
 g - an amulet of magic regeneration (around neck)
 m - a ring of protection from magic (left hand)
 q - a +6 ring of dexterity (right hand)
 v - a cursed amulet of faith {unknown}
 B - a +6 ring of intelligence
 C - an uncursed amulet of the acrobat {unknown}
 L - a cursed amulet of inaccuracy {unknown}
 M - a +6 ring of dexterity
 N - an uncursed ring of wizardry
 P - an uncursed ring of wizardry
Wands
 t - a wand of polymorph (11)
 x - a wand of disintegration (13)
 D - a wand of clouds (8)
 E - a wand of flame (30)
 H - a wand of digging (5)
Scrolls
 f - 6 scrolls of remove curse
 i - 8 scrolls of identify {unknown}
 n - 3 scrolls of random uselessness {unknown}
 o - 2 scrolls of amnesia
 u - 2 scrolls of teleportation {unknown}
 w - a scroll of fog {unknown}
 z - 4 scrolls of fear {unknown}
 F - a scroll of immolation {unknown}
 I - a scroll of summoning {unknown}
 J - a scroll of magic mapping {unknown}
 O - a scroll of holy word {unknown}
Potions
 c - 5 potions of brilliance
 d - 5 potions of ambrosia
 e - a potion of magic {unknown}
 h - 5 potions of degeneration
 j - 2 potions of mutation {unknown}
 k - 4 potions of curing
 l - 2 potions of lignification {unknown}
 p - 2 potions of cancellation {unknown}
 r - a potion of might {unknown}
 s - 5 potions of flight {unknown}
 A - a potion of heal wounds {unknown}
 G - a potion of stabbing {unknown}
 K - 4 potions of haste {unknown}
Comestibles
 b - 13 rations


   Skills:
 + Level 7.5(6.9) Fighting
 + Level 10.6(10.0) Long Blades
 - Level 1.7(1.2) Dodging
 - Level 1.7(1.2) Stealth
 - Level 10.0(9.3) Spellcasting
 - Level 10.0(9.3) Ice Magic


You had 15 spell levels left.
You knew the following spells:

 Your Spells              Type           Power        Failure   Level  Hunger
a - Freeze                Ice            ####         1%          1    None
b - Frozen Ramparts       Ice            #####.       1%          3    None
c - Ozocubu's Armour      Chrm/Ice       ####....     3%          3    None
d - Hailstorm             Conj/Ice       ####....     12%         4    ###....
e - Summon Ice Beast      Ice/Summ       ####....     12%         4    ###....

Your spell library contained the following spells:

 Spells                   Type           Power        Failure   Level  Hunger
 Magic Dart               Conj           #...         8%          1    None
 Sandblast                Erth           #.....       8%          1    None
 Summon Butterflies       Summ           #.......     8%          1    None
 Blink                    Tloc           N/A          12%         2    None
 Call Imp                 Summ           #.......     12%         2    None
 Passwall                 Tmut/Erth      #.......     12%         2    None
 Slow                     Hex            #.......     12%         2    None
 Call Canine Familiar     Summ           #.......     24%         3    None
 Conjure Flame            Conj/Fire      #.......     24%         3    None
 Mephitic Cloud           Conj/Pois/Air  #.......     24%         3    None
 Stone Arrow              Conj/Erth      #.....       24%         3    None
 Petrify                  Tmut/Erth      #.......     61%         4    ###....
 Lee's Rapid Deconstruct  Erth           #.........   91%         5    #####..
 Summon Mana Viper        Hex/Summ       #.......     91%         5    #####..
 Summon Hydra             Summ           #.........   100%        7    #######


Dungeon Overview and Level Annotations

Branches:
Dungeon (12/15)            Temple (1/1) D:7
   Lair: D:8-11         Orc: D:9-12

Altars:
Cheibriados
Kikubaaqudgha
Nemelex Xobeh
Okawaru
Qazlal
Ru
Sif Muna
Uskayaw
Vehumet
Wu Jian
Xom
Yredelemnul
The Shining One

Shops:
D:4 !   D:7 =   D:9 [

Annotations:
D:9 2 runed translucent doors, Pikel
D:11 Josephine


Innate Abilities, Weirdness & Mutations

You can walk through water.
Your dull iron-grey scales are very hard. (AC +12)
You cannot fit into any form of body armour.
You can survive without breathing.
You are cold-blooded and may be slowed by cold attacks.


Message History

The wraith hits you.
* * * LOW HITPOINT WARNING * * *
The wraith drains your vigour!
You feel as though you will be slow longer.
You climb downwards.
You feel a wave of frost pass over you.
There is an entrance to an ice cave on this level.
Hurry and find it before the portal melts!
A troll comes into view.
Found 32 gold pieces, 5 poisoned darts, 13 stones and a flail.
There is a stone staircase leading up here.
Casting: Frozen Ramparts (safe; 1% risk of failure)
Confirm with . or Enter, or press ? or * to list all spells.
A chill wind blows around you.
Casting: Summon Ice Beast (dangerous; 12% risk of failure)
Confirm with . or Enter, or press ? or * to list all spells.
A chill wind blows around you.
Your ice beast hits the troll.
Your ice beast freezes the troll.
The troll bites you but does no damage. The troll claws you but does no damage.
The troll claws you!
You die...

..........#
..........# ...
........$.# ...
..........# ....
..........# .....
.........(##.....
..........#..(...
....$..Y.........
.......YT@##...
..........#
#.#####.### # #..
..) ≈≈≈≈ ≈≈≈≈≈≈
≈≈###


You could see a troll and 2 friendly ice beasts.

Vanquished Creatures
  A fire dragon (D:9)
  A queen ant (D:8)
  A two-headed ogre (D:9)
  The ghost of Rem the Charmwright, a novice GnSk of Cheibriados (D:6)
  A centaur skeleton (D:6)
  Maggie (D:6)
  4 trolls
  Prince Ribbit (D:6)
  Sigmund (D:6)
  A shadow (D:9)
  A wyvern (D:9)
  Menkaure (D:4)
  20 soldier ants (D:8)
  A water moccasin (D:9)
  2 orc warriors
  An ice beast (D:7)
  2 necrophages
  A black bear (D:10)
  2 phantoms
  An eye of draining (D:10)
  2 sky beasts
  9 ogres
  2 wolves (D:11)
  7 centaurs
  2 big kobolds (D:11)
  Blork the orc (D:4)
  6 bullfrogs
  A scorpion (D:6)
  3 killer bees (D:10)
  5 wights (D:7)
  7 howler monkeys
  A crimson imp (D:8)
  2 bullfrog zombies (D:8)
  2 jellies
  2 centaur zombies (D:5)
  A quasit (D:8)
  12 hounds
  4 orc priests
  Ijyb (D:4)
  5 iguanas
  10 orc wizards
  26 worker ants
  A killer bee zombie (D:8)
  A howler monkey skeleton (D:5)
  17 adders
  8 gnolls (D:5)
  A shadow imp (D:7)
  2 oozes
  A worm (D:2)
  7 leopard geckos
  31 orcs
  A ball python (D:3)
  4 giant cockroaches
  A goblin (D:2)
  3 hobgoblins
  5 jackals
  16 kobolds
  4 quokkas
  3 bats
  7 frilled lizards
  3 jackal skeletons
  A leopard gecko skeleton (D:4)
  A quokka skeleton (D:9)
  7 rats
281 creatures vanquished.

Vanquished Creatures (collateral kills)
  A phantom (D:5)
  An ice beast (D:5)
  A nameless horror (D:9)
  A howler monkey (D:9)
4 creatures vanquished.

Grand Total: 285 creatures vanquished

Notes
Turn   | Place    | Note
-------+----------+-------------------------------------------
     0 | D:1      | Ousak the Draconian Ice Elementalist began the quest for
                  | the Orb.
     0 | D:1      | Reached XP level 1. HP: 14/14 MP: 3/3
   217 | D:1      | Found a shimmering altar of Xom.
   265 | D:1      | Reached XP level 2. HP: 20/20 MP: 1/5
   743 | D:2      | Noticed a howler monkey
   765 | D:2      | Killed a howler monkey
   765 | D:2      | Reached skill level 5 in Ice Magic
   765 | D:2      | Reached XP level 3. HP: 14/26 MP: 1/6
  1076 | D:2      | Reached XP level 4. HP: 27/33 MP: 5/8
  2220 | D:3      | Learned a level 3 spell: Frozen Ramparts
  2252 | D:3      | Learned a level 3 spell: Ozocubu's Armour
  2416 | D:3      | Reached XP level 5. HP: 33/38 MP: 6/10
  3529 | D:4      | Noticed Ijyb
  3536 | D:4      | Killed Ijyb
  3907 | D:4      | Noticed Blork the orc
  3912 | D:4      | Reached XP level 6. HP: 40/46 MP: 10/12
  3954 | D:4      | Killed Blork the orc
  4243 | D:4      | Found Abuzxegoe's Distillery.
  4274 | D:4      | Bought a potion of curing for 39 gold pieces
  4501 | D:4      | Reached skill level 1 in Fighting
  4971 | D:5      | Entered Level 5 of the Dungeon
  4977 | D:5      | Reached skill level 5 in Spellcasting
  4990 | D:5      | Noticed Menkaure
  5338 | D:5      | Your scales start taking on a dull iron-grey colour.
  5338 | D:5      | Reached XP level 7. HP: 52/52 MP: 11/14
  5338 | D:5      | Gained mutation: You can survive without breathing. [Grey
                  | Draconian growth]
  6166 | D:5      | Learned a level 4 spell: Hailstorm
  6171 | D:5      | Learned a level 4 spell: Summon Ice Beast
  6355 | D:6      | Noticed Sigmund
  6366 | D:6      | Killed Sigmund
  6366 | D:6      | Reached XP level 8. HP: 33/62 MP: 10/17
  6386 | D:6      | Found a runed translucent gate.
  6386 | D:6      | Found a runed translucent gate.
  6387 | D:6      | Found a runed translucent gate.
  6409 | D:6      | Noticed Rem's ghost (novice GnSk)
  7097 | D:5      | Noticed a nameless horror
  7336 | D:6      | Noticed Prince Ribbit
  7347 | D:6      | Killed Prince Ribbit
  7416 | D:6      | Noticed Maggie
  7425 | D:6      | Killed Maggie
  7425 | D:6      | Reached XP level 9. HP: 70/71 MP: 15/20
  7787 | D:6      | Found a glowing golden altar of the Shining One.
  7856 | D:6      | Reached skill level 1 in Long Blades
  8064 | D:7      | Found a basalt altar of Yredelemnul.
  8104 | D:7      | Found a staircase to the Ecumenical Temple.
  8469 | Temple   | Entered the Ecumenical Temple
  8527 | Temple   | Became a worshipper of Sif Muna the Loreminder
  8586 | D:7      | Found Zeanemn's Jewellery Boutique.
  9486 | D:4      | Killed Menkaure
  9798 | D:6      | Killed Rem's ghost
  9798 | D:6      | Reached skill level 5 in Fighting
  9798 | D:6      | Reached skill level 5 in Long Blades
  9959 | D:8      | Reached XP level 10. HP: 81/81 MP: 19/22
 10261 | D:8      | Reached * piety under Sif Muna
 10459 | D:8      | Reached skill level 10 in Ice Magic
 10460 | D:8      | Noticed a queen ant
 10474 | D:8      | Reached ** piety under Sif Muna
 10485 | D:8      | Killed a queen ant
 11118 | D:8      | Reached skill level 10 in Spellcasting
 11307 | D:8      | Reached XP level 11. HP: 75/89 MP: 23/25
 12049 | D:9      | Noticed a fire dragon
 12113 | D:9      | Reached *** piety under Sif Muna
 12141 | D:9      | Noticed a two-headed ogre
 12499 | D:9      | Killed a fire dragon
 12868 | D:9      | Killed a two-headed ogre
 13087 | D:9      | Found a large runed translucent door.
 13088 | D:9      | Found a large runed translucent door.
 13088 | D:9      | Noticed Pikel
 13088 | D:9      | Noticed a wolf spider
 13239 | D:9      | Found Wamasiash's Antique Armour Boutique.
 13356 | D:10     | Entered Level 10 of the Dungeon
 13446 | D:10     | Reached skill level 10 in Long Blades
 14489 | D:11     | Reached **** piety under Sif Muna
 14490 | D:11     | Noticed Josephine
 14511 | D:12     | Slain by a troll

Illustrated notes

Levels and vault maps discovered:
D:1:      psy_arrival_terrarium, layout_loops_cross, xom_teletrap_fun
D:2:      minmay_diamond_boxcup, layout_basic
D:3:      layout_basic, first_ration, minmay_quadrilaterals
D:4:      layout_gridville, serial_shops, nicolae_shop_statue_plus, uniq_ijyb,
          uniq_blork_the_orc
D:5:      layout_loops_cross, serial_bayou_pond_d, uniq_menkaure
D:6:      layout_loops_cross, gammafunk_ghost_split,
          nicolae_tso_swordbearing_angel, uniq_sigmund, uniq_maggie,
          uniq_prince_ribbit1
D:7:      layout_basic, kennysheep_little_box, minmay_temple_entry_glass,
          serial_corexii_hall, corexii_hall_statues_x, corexii_hall_statues_x,
          serial_shops, shop, grunt_ogre_cave
D:8:      layout_basic, minivault_29
D:9:      layout_long_grid, serial_shops, shop, grunt_ministairs_2,
          jmf_multi_god_temple2, uniq_pikel
D:10:     layout_gridville
D:11:     layout_roguey, erik_lair_island, nicolae_trove_entry_path_of_doom,
          yredelemnul_altar_generic, uniq_josephine, uniq_snorg
D:12:     layout_roguey, erik_orc_2, portal_ice_cave_entry_pillars_1,
          st_stairs_13
Temple:   minmay_crystal_snake_temple

Skill      XL: |  1  2  3  4  5  6  7  8  9 10 11 |
---------------+----------------------------------+-----
Ice Magic      | 5 6 7 8 9 10 | 10.0
Spellcasting   | 3 4 5 6 7 8 10 | 10.0
Fighting       | 1 2 3 5 7 |  7.5
Long Blades    | 5 8 10 | 10.6
Dodging        | |  1.7
Stealth        | |  1.7

Action                   |  1- 3 |  4- 6 |  7- 9 | 10-12 || total
-------------------------+-------+-------+-------+-------++-------
Melee: Unarmed           |     4 |     5 |       |       ||     9
       Tailslap          |     1 |     6 |    47 |    39 ||    93
       Hand axe          |       |     1 |       |       ||     1
       Falchion          |       |    74 |   110 |       ||   184
       Scimitar          |       |       |   138 |   245 ||   383
 Cast: Freeze            |    28 |    45 |    31 |     4 ||   108
       Frozen Ramparts   |       |    16 |    25 |    41 ||    82
       Summon Ice Beast  |       |       |     4 |    12 ||    16
       Ozocubu's Armour  |       |       |     1 |       ||     1
  Use: Scroll            |       |     5 |       |     2 ||     7
       Potion            |       |     3 |       |       ||     3
 Stab: Sleeping          |     1 |     3 |     4 |     1 ||     9
       Distracted        |       |     1 |     1 |     1 ||     3
  Eat: Chunk             |     1 |     6 |    11 |    14 ||    32
       Ration            |       |     2 |     2 |       ||     4
Armor: Skin              |     4 |    51 |   130 |   176 ||   361
Dodge: Dodged            |    18 |    89 |   151 |   205 ||   463
       Rpst.: Falchion   |       |    29 |    18 |       ||    47
       Scimitar          |       |       |    28 |    52 ||    80
